 Dungeon Crawl Stone Soup version 0.20-a0-256-gabb291d (webtiles) character file.

2217 KristoblXynda the Covert (level 9, -4/75 HPs)
             Began as a Naga Berserker on Dec 1, 2016.
             Was a Priest of Trog.
             Slain by a bullfrog (7 damage)
             ... on level 8 of the Dungeon.
             The game lasted 00:12:59 (6327 turns).

KristoblXynda the Covert (Naga Berserker)           Turns: 6327, Time: 00:13:01

Health: -4/75      AC: 12    Str: 21    XL:     9   Next: 35%
Magic:  0/9        EV:  9    Int: 10    God:    Trog [***...]
Gold:   343        SH:  0    Dex:  8    Spells: 8/8 levels left

rFire  . . .     SeeInvis +     a - +1 hand axe
rCold  + . .     Gourm    .     w - +2 ring mail {rC+}
rNeg   + . .     Faith    .     (no shield)
rPois  +         Spirit   +     f - +1 helmet
rElec  .         Reflect  .     o - +0 cloak
rCorr  .         Harm     .     (no gloves)
MR     +....     Clarity  +     (no barding)
Stlth  +++.......               s - amulet of guardian spirit
                                b - ring of positive energy
                                h - ring of flight

@: exhausted, short of breath, slowed, very slow
A: see invisible, clarity, clumsy 1, deformed body, poison resistance, slowness
2, slow metabolism 1, spit poison 1, subdued magic 1, AC +3
a: Spit Poison, Berserk, Trog's Hand, Burn Spellbooks, Renounce Religion, Evoke
Flight


You were on level 8 of the Dungeon.
You worshipped Trog.
Trog was most pleased with you.
You were not hungry.

You visited 2 branches of the dungeon, and saw 9 of its levels.

You collected 343 gold pieces.

Inventory:

Hand Weapons
 a - a +1 hand axe (weapon)
Missiles
 F - 2 javelins (quivered)
Armour
 f - a +1 helmet (worn)
 o - a +0 cloak (worn)
 p - a +0 shield
 w - a +2 ring mail of cold resistance (worn)
Jewellery
 b - a ring of positive energy (right hand)
 g - an uncursed ring of wizardry
 h - a ring of flight (left hand)
 s - an amulet of guardian spirit (around neck)
Wands
 u - a wand of acid (7/15)
 D - a wand of paralysis (11/24)
Scrolls
 e - 3 scrolls of teleportation
 i - 2 scrolls of remove curse
 q - 2 scrolls of blinking
 v - a scroll of enchant armour
 G - a scroll of recharging
Potions
 j - a potion of magic {unknown}
 l - 2 potions of might
 m - 2 potions of flight
 n - 2 potions of curing
 r - 3 potions of ambrosia
 t - 3 potions of brilliance
 z - a potion of cancellation {unknown}
 A - a potion of lignification {unknown}
Books
 x - a book of Minor Magic

   Spells                             Type                      Level
   a - Magic Dart                     Conjuration                  1
   b - Blink                          Translocation                2
   c - Call Imp                       Summoning                    2
   d - Repel Missiles                 Charms/Air                   2
   e - Slow                           Hexes                        2
   f - Conjure Flame                  Conjuration/Fire             3
   g - Mephitic Cloud                 Conjuration/Poison/Air       3
   Trog disapproves of the use of such an item.
 y - a book of Conjurations

   Spells                             Type                      Level
   a - Magic Dart                     Conjuration                  1
   b - Searing Ray                    Conjuration                  2
   c - Dazzling Spray                 Conjuration/Hexes            3
   d - Fulminant Prism                Conjuration/Hexes            4
   e - Iskenderun's Mystic Blast      Conjuration                  4
   f - Iskenderun's Battlesphere      Conjuration/Charms           5
   Trog disapproves of the use of such an item.
Comestibles
 c - 11 bread rations
 d - 2 fruits
 B - a chunk of flesh
 C - a royal jelly


   Skills:
 - Level 3.0 Fighting
 + Level 7.4 Axes
 - Level 5.0 Armour
 - Level 2.2 Dodging
 + Level 10.5 Stealth
 + Level 3.1 Shields


You had 8 spell levels left.
You didn't know any spells.

Dungeon Overview and Level Annotations

Branches:
Dungeon (8/15)             Temple (1/1) D:5
   Lair: D:8-11

Altars:
Ashenzari
Cheibriados
Dithmenos
Fedhas
Gozag
Hepliaklqana
Kikubaaqudgha
Makhleb
Nemelex Xobeh
Okawaru
Qazlal
Ru
Sif Muna
Trog
Uskayaw
Yredelemnul
Zin
The Shining One

Shops:
D:7 (


Innate Abilities, Weirdness & Mutations

You cannot wear boots.
Your serpentine skin is tough. (AC +3)
You have supernaturally acute eyesight. (SInv)
Armour fits poorly on your strangely shaped body.
Your system is resistant to poisons. (rPois)
You cover ground very slowly.
You have a slow metabolism.
You can spit poison.
You possess an exceptional clarity of mind.
You are clumsy. (Dex -2)
Your spells are a little easier to cast, but a little less powerful.


Message History

The gnoll sergeant blocks the splash of poison.
You feel slightly more hungry.
The gnoll sergeant completely misses you.
The gnoll sergeant hits you with a spear of distortion!
You feel strangely stable.
The bullfrog hits you but does no damage.
The bullfrog snags a nearby blue-tailed skink with its tongue.
The bullfrog hits you but does no damage.
The gnoll sergeant closely misses you.
The gnoll sergeant hits you from afar with a spear of distortion.
Space warps horribly around you!
* * * LOW HITPOINT WARNING * * *
The bullfrog barely misses you. The bullfrog closely misses you.
The gnoll sergeant hits you from afar with a spear of distortion.
* * * LOW HITPOINT WARNING * * *
Space bends around you.
* * * LOW HITPOINT WARNING * * *
The bullfrog hits you!
You die...

#........# .# #........#
..# #........### #>#
#..........# #..#
#........#..######..#
#...))..)##........#
##........# ###...########
#......g5.###...#......#..
#.......F@#...########.#..
....#####.##))### #....
.... #.##.## ##.## ....
#....# #... .... #..###
#### ####


You could see a gnoll sergeant, a bullfrog and a shadow imp.

Vanquished Creatures
  A spriggan (D:8)
  Menkaure (D:6)
  Edmund (D:5)
  A water moccasin (D:7)
  An orc warrior (D:4)
  A phantom (D:7)
  An ogre (D:4)
  A necrophage (D:7)
  3 centaurs
  2 bullfrogs (D:7)
  3 wights (D:6)
  6 crimson imps
  A centaur zombie (D:7)
  A hound (D:6)
  A quasit (D:7)
  6 orc wizards
  2 orc priests
  An iguana (D:7)
  3 worker ants
  7 gnolls
  7 adders
  A shadow imp (D:7)
  An ooze (D:2)
  2 adder skeletons
  5 worms
  2 dart slugs (D:4)
  6 leopard geckos
  19 orcs
  3 ball pythons
  4 bats
  4 giant cockroaches
  5 goblins
  3 hobgoblins
  5 jackals (D:3)
  2 quokkas
  2 frilled lizards (D:3)
  A giant cockroach zombie (D:5)
  4 kobolds
  A leopard gecko skeleton (D:7)
  A quokka skeleton (D:6)
  10 rats
132 creatures vanquished.

Notes
Turn   | Place    | Note
-------+----------+-------------------------------------------
     0 | D:1      | KristoblXynda the Naga Berserker began the quest for the Orb.
     0 | D:1      | Reached XP level 1. HP: 21/21 MP: 1/1
   271 | D:1      | Reached XP level 2. HP: 28/28 MP: 2/2
   333 | D:1      | Reached skill level 1 in Stealth
   786 | D:2      | Reached XP level 3. HP: 31/34 MP: 3/3
   797 | D:2      | Reached skill level 2 in Stealth
  1138 | D:2      | Reached XP level 4. HP: 23/42 MP: 4/4
  1715 | D:3      | Reached skill level 3 in Stealth
  1966 | D:3      | Reached ** piety under Trog
  1966 | D:3      | Reached XP level 5. HP: 49/49 MP: 5/5
  1970 | D:3      | Reached skill level 4 in Stealth
  2929 | D:4      | Found a blossoming altar of Fedhas.
  2934 | D:4      | Noticed an orc warrior
  2940 | D:4      | Reached XP level 6. HP: 56/56 MP: 6/6
  2943 | D:4      | Killed an orc warrior
  2943 | D:4      | Reached skill level 5 in Stealth
  3003 | D:4      | Found a bloodstained altar of Trog.
  3003 | D:4      | Found a shattered altar of Ashenzari.
  3215 | D:4      | Reached skill level 6 in Stealth
  3215 | D:4      | Reached XP level 7. HP: 45/62 MP: 7/7
  3352 | D:5      | Entered Level 5 of the Dungeon
  3401 | D:5      | Found a burning altar of Makhleb.
  3405 | D:5      | Found a glowing silver altar of Zin.
  3406 | D:5      | Noticed a cacodemon
  3406 | D:5      | Noticed an angel
  3468 | D:5      | Noticed Edmund
  3484 | D:5      | Killed Edmund
  3484 | D:5      | Reached skill level 5 in Axes
  3676 | D:5      | Found a staircase to the Ecumenical Temple.
  3694 | Temple   | Entered the Ecumenical Temple
  3906 | D:5      | Reached skill level 7 in Stealth
  4270 | D:5      | Reached XP level 8. HP: 68/69 MP: 8/8
  4744 | D:6      | Noticed Menkaure
  4814 | D:6      | Reached skill level 8 in Stealth
  4925 | D:6      | Killed Menkaure
  4925 | D:6      | Reached *** piety under Trog
  4925 | D:6      | Reached skill level 5 in Armour
  5628 | D:7      | Reached skill level 9 in Stealth
  5668 | D:7      | Found Zaclonn's Antique Weapon Boutique.
  5680 | D:7      | Reached skill level 1 in Shields
  5839 | D:7      | Reached XP level 9. HP: 46/75 MP: 6/9
  5976 | D:7      | Reached skill level 10 in Stealth
  6041 | D:7      | Found a sparkling altar of Nemelex Xobeh.
  6258 | D:8      | Gained mutation: Your spells are a little easier to cast, but a little less powerful. [potion of mutation]
  6258 | D:8      | Gained mutation: You possess an exceptional clarity of mind. [potion of mutation]
  6258 | D:8      | Gained mutation: You are clumsy. (Dex -2) [potion of mutation]
  6327 | D:8      | HP: 3/75 [gnoll sergeant/spear of distortion (5)]
  6327 | D:8      | Slain by a bullfrog

Vault maps used:
D:1:      dpeg_arrival_ratfight
D:2:      kennysheep_cluttered_room
D:4:      gammafunk_temple_overflow_elements, lemuel_crystal_altar
D:5:      grunt_temple_overflow_order_and_chaos_2, first_bread, uniq_edmund
D:6:      cheibrodos_quashed, kennysheep_doodads, minivault_26, uniq_menkaure
D:7:      lemuel_coloured_pillars_altar, serial_shops, nicolae_shop_statue_plus
D:8:      the_bakery
Temple:   chequers_temple_sunken

Skill      XL: |  1  2  3  4  5  6  7  8  9 |
---------------+----------------------------+-----
Stealth        | 1 2 3 4 6 7 9 10 | 10.5
Armour         | 2 3 4 5 |  5.0
Dodging        | 2 |  2.2
Axes           | 4 5 6 7 |  7.4
Shields        | 2 3 |  3.1
Fighting       | |  3.0

Action                   |  1- 3 |  4- 6 |  7- 9 || total
-------------------------+-------+-------+-------++-------
Melee: Hand axe          |   100 |   171 |   409 ||   680
Invok: Berserk           |       |     3 |     5 ||     8
 Abil: Spit Poison       |     2 |     5 |     2 ||     9
  Use: Scroll            |       |    15 |     3 ||    18
       Potion            |       |       |     3 ||     3
 Stab: Sleeping          |       |     2 |     7 ||     9
  Eat: Chunk             |       |     6 |     1 ||     7
       Pizza             |       |     1 |     1 ||     2
       Beef jerky        |       |     1 |     1 ||     2
       Meat ration       |       |       |     2 ||     2
Armor: Ring mail         |    31 |   101 |   190 ||   322
Dodge: Dodged            |    54 |   128 |   202 ||   384
